 Dungeon Crawl Stone Soup version 0.18-a0-1361-g9293dd1 (webtiles) character file.

16 Duffy the Skirmisher (level 2, 0/24 HPs)
             Began as a Mummy Fighter on Feb 20, 2016.
             Slain by a bat (1 damage)
             ... on level 1 of the Dungeon.
             The game lasted 00:00:41 (495 turns).

Duffy the Skirmisher (Mummy Fighter)                 Turns: 495, Time: 00:00:41

Health: 0/24       AC:  6    Str: 19    XL:     2   Next: 41%
Magic:  2/2        EV:  7    Int:  7    God:
Gold:   19         SH:  8    Dex: 11    Spells: 0 memorised, 1 level left

rFire  x . .     SeeInvis .     a - +0 flail
rCold  + . .     Gourm    .     b - +0 scale mail
rNeg   + + +     Faith    .     c - +0 shield
rPois  ∞         Spirit   .     (no helmet)
rElec  .         Dismiss  .     (no cloak)
rCorr  .         Reflect  .     (no gloves)
SustAt .         Harm     .     (no boots)
MR     .....                    (no amulet)
Stlth  ..........               (no ring)
                                (no ring)

@: not resistant to hostile enchantments, extremely unstealthy
A: no food or potions, fire vulnerability, cold resistance 1, negative energy
resistance 3, torment resistance, unbreathing
a: no special abilities


You were on level 1 of the Dungeon.
You were not hungry.

You visited 1 branch of the dungeon, and saw 1 of its levels.

You collected 19 gold pieces.


Innate Abilities, Weirdness & Mutations

You do not eat or drink.
Your flesh is vulnerable to fire.
You are immune to poison.
Your flesh is cold resistant.
You are immune to negative energy.
You are immune to unholy pain and torment.
You can survive without breathing.


   Skills:
 - Level 3.0 Fighting
 + Level 2.5 Maces & Flails
 - Level 2.4 Armour
 - Level 2.4 Shields


You had one spell level left.
You didn't know any spells.

Inventory:

Hand Weapons
 a - a +0 flail (weapon)
Armour
 b - a +0 scale mail (worn)
 c - a +0 shield (worn)

Dungeon Overview and Level Annotations

Branches:
Dungeon (1/15)

Altars:


Message History

The bat barely misses you. You block the bat's attack.
The bat hits you but does no damage. You block the goblin's attack.
The rat barely misses you.
You hit the goblin.
You kill the goblin!
You barely miss the goblin. The goblin barely misses you. x2
You closely miss the goblin. The goblin hits you but does no damage.
You barely miss the goblin. The goblin hits you but does no damage.
You hit the goblin.
You kill the goblin!
The bat hits you but does no damage.
You closely miss the kobold.
The kobold hits you but does no damage. x2
You closely miss the kobold. You block the kobold's attack.
You closely miss the kobold. You block the kobold's attack.
The kobold completely misses you.
You hit the kobold.
The kobold is moderately wounded.
The kobold hits you with a short sword.
You hit the kobold.
The kobold is severely wounded.
You block the kobold's attack.
You closely miss the kobold.
The kobold is severely wounded.
The kobold hits you but does no damage. You block the kobold's attack.
You hit the kobold but do no damage.
The kobold is severely wounded.
The kobold hits you but does no damage.
You barely miss the kobold.
The kobold is severely wounded.
The kobold hits you with a short sword. You block the kobold's attack.
You hit the kobold.
You kill the kobold!
The bat hits you.
You die...

....##.......K.#....#
....#.#...#.#.#####
..........#...###### .##
# .?##.....####.....
....#.#.#g..####........
#....#.#r.##.......####
#......K.##.....####...
#....#b###....###......
#.. #@##....##.....### #
#...##...##....### #
#####....#....## #
#...##...## ##
#...#....#...##!
#...#....#......
#...#....######.
#...##........##
#....#######....


You could see a hobgoblin, a bat, a kobold and a rat.

Action                   || total
-------------------------++-------
Melee: Flail             ||    68

Notes
Turn   | Place    | Note
--------------------------------------------------------------
     0 | D:1      | Duffy the Mummy Fighter began the quest for the Orb.
     0 | D:1      | Reached XP level 1. HP: 18/18 MP: 1/1
   263 | D:1      | Reached skill level 2 in Maces & Flails
   334 | D:1      | Reached XP level 2. HP: 24/24 MP: 2/2
   495 | D:1      | Slain by a bat

Vault maps used:
D:1:      dpeg_arrival_circle_labyrinth_c

Vanquished Creatures
  An ooze
  A giant cockroach
  4 goblins
  A hobgoblin
  A ball python
  2 bats
  2 giant newts
  2 kobolds
14 creatures vanquished.
